 Dungeon Crawl Stone Soup version 0.27-a0-760-gc38aae387d (webtiles) character file.

Game seed: 5703016923474731009

6 Lanoc the Caller (level 1, 0/13 HPs)
             Began as a Mummy Summoner on Mar 25, 2021.
             Killed by Freeze
             ... generated by an endoplasm
              (2 damage)
             ... on level 1 of the Dungeon.
             The game lasted 00:00:35 (790 turns).

Lanoc the Caller (Mummy Summoner)                    Turns: 790, Time: 00:00:35

Health: 0/13       AC:  2    Str: 11    XL:     1   Next: 75%
Magic:  1/4        EV: 12    Int: 14    God:
Gold:   18         SH:  0    Dex: 12    Spells: 4/5 levels left

rFire    x . .     SeeInvis .   (no weapon)
rCold    + . .     Faith    .   (no shield)
rNeg     + + +     Spirit   .   a - +0 robe
rPois    ∞         Reflect  .   (no helmet)
rElec    .         Harm     .   (no cloak)
rCorr    .         Rampage  .   (no gloves)
Will     .....                  (no boots)
Stlth    ++........             (no amulet)
HPRegen  0.04/turn              (no ring)
MPRegen  0.09/turn              (no ring)

@: very slightly contaminated
A: cold resistance 1, negative energy resistance 3, torment resistance 2,
unbreathing 1, heat vulnerability 1, no potions
a: no special abilities


You were on level 1 of the Dungeon.
You visited 1 branch of the dungeon, and saw 1 of its levels.

You collected 18 gold pieces.

Inventory:

Armour
 a - a +0 robe (worn)
Scrolls
 b - a scroll of brand weapon {unknown}
 c - a scroll of identify {unknown}


   Skills:
 + Level 1.7 Dodging
 - Level 1.5 Stealth
 - Level 2.6 Spellcasting
 * Level 3.4 Summonings


You had 4 spell levels left.
You knew the following spells:

 Your Spells              Type           Power      Damage    Failure   Level
a - Summon Small Mammal   Summ           44%        N/A       5%          1

Your spell library contained the following spells:

 Spells                   Type           Power      Damage    Failure   Level
 Call Imp                 Summ           11%        N/A       9%          2
 Call Canine Familiar     Summ           11%        N/A       16%         3
 Summon Guardian Golem    Hex/Summ       6%         N/A       32%         3
 Summon Ice Beast         Ice/Summ       6%         N/A       73%         4
 Summon Lightning Spire   Summ/Air       6%         N/A       73%         4


Dungeon Overview and Level Annotations

Branches:
Dungeon (1/15)

Altars:


Innate Abilities, Weirdness & Mutations

You are immune to poison.
Your flesh is cold resistant. (rC+)
You are immune to negative energy. (rN+++)
You are immune to unholy pain and torment.
You can survive without breathing.
You are vulnerable to heat. (rF-)
You do not drink.


Message History

A rat comes into view.
Your rat barely misses the jackal.
Casting: Summon Small Mammal (safe; 5% risk of failure)
Confirm with . or Enter, or press ? or * to list all spells.
You miscast Summon Small Mammal.
You are very lightly contaminated with residual magic.
Nothing appears to happen.
The bat hits you but does no damage. The jackal bites your rat.
Your rat dies!
Your rat's corpse disappears in a puff of smoke!
The jackal misses you. The dart slug closely misses you.
You hit the dart slug but do no damage.
The dart slug is lightly wounded.
The bat closely misses you. The jackal bites you.
The dart slug barely misses you.
Casting: Summon Small Mammal (safe; 5% risk of failure)
Confirm with . or Enter, or press ? or * to list all spells.
The bat hits you but does no damage. The dart slug closely misses you.
You are too injured to fight recklessly!
You hit the dart slug.
The dart slug is moderately wounded.
The bat closely misses you.
Your bat hits the endoplasm. The bat barely misses you. The jackal bites you.
A hobgoblin comes into view.
The bat barely misses you. The jackal barely misses you.
You hit the dart slug but do no damage.
The dart slug is moderately wounded.
Your bat hits the gnoll but does no damage.
The bat hits you but does no damage. The endoplasm freezes you.
You are frozen.
* * * LOW HITPOINT WARNING * * *
The jackal bites you.
* * * LOW HITPOINT WARNING * * *
The bat hits you but does no damage.
The dart slug bites you but does no damage.
Your bat barely misses the jackal.
The endoplasm freezes you.
You are frozen.
You die...

#.# #......# .##
#.####.# # ## #.# #.#
#..... #
#.####.#####.....##
#................. ##
#......#.##.##..# .#
##.#####.##?##..# .#
#...# #.##.....# .#
###.# #..b@Jhl.# .# #.#
####h#.r.# .# #.#
#w..b...# .# ##.##
#Jg...g.#
.#######...####.........
..............+.........
.#######...####.........
.# ##.## ##.......# .#
#.# ##.....##


You could see a gnoll, a dart slug (ally target), 2 endoplasms, 2 jackals, a
hobgoblin, a bat, a frilled lizard, a rat and a friendly bat (summoned).

Vanquished Creatures
  2 giant cockroaches (D:1)
  A hobgoblin (D:1)
3 creatures vanquished.

Vanquished Creatures (collateral kills)
  A dart slug (D:1)
  A ball python (D:1)
  A kobold (D:1)
3 creatures vanquished.

Grand Total: 6 creatures vanquished

Notes
Turn   | Place    | Note
-------+----------+-------------------------------------------
     0 | D:1      | Lanoc the Mummy Summoner began the quest for the Orb.
     0 | D:1      | Reached XP level 1. HP: 13/13 MP: 4/4
   790 | D:1      | Killed from afar by an endoplasm

Illustrated notes

Levels and vault maps discovered:
D:1:      minmay_arrival_hallway, layout_loops_corners

Action                   || total
-------------------------++-------
Melee: Unarmed           ||    33
 Cast: Summon Small Mamm ||    11
 Stab: Distracted        ||     1
Armor: Robe              ||    10
Dodge: Dodged            ||    26

Table legend: (Time is in decaauts)
 A = Elapsed time spent in this place.
 B = Non-inter-level travel time spent in this place.
 C = Inter-level travel time spent in this place.
 D = Time resting spent in this place.
 E = Time spent auto-exploring this place.
 F = Levels seen in this place.
 G = Mean time per level.
                   A        B        C        D        E       F      G
               +--------+--------+--------+--------+--------+-----+--------+
         Total |    790 |    790 |      0 |      0 |    721 |   1 |  790.0 |
       Dungeon |    790 |    790 |      0 |      0 |    721 |   1 |  790.0 |
               +--------+--------+--------+--------+--------+-----+--------+

Top non-repeatable levels by time:
     D:1: 790 daAuts
